 Dungeon Crawl Stone Soup version 0.31-a0-219-g8d62b2e7bb (webtiles) character file.

Game seed: 11016241340713541646

119 qw the Shooter (level 4, 0/37 HPs)
             Began as a Minotaur Hexslinger on July 3, 2023.
             Slain by Grinder (6 damage)
             ... on level 3 of the Dungeon.
             The game lasted 00:00:44 (1954 turns).

qw the Shooter (Minotaur Hexslinger)                Turns: 1954, Time: 00:00:45

Health: 0/37       AC:  5    Str: 13    XL:     4   Next: 74%
Magic:  4/4        EV: 11    Int: 10    God:
Gold:   108        SH:  0    Dex: 14    Spells: 4/5 levels left

rFire   . . .        Y - +1 shortbow (drain)
rCold   . . .        (shield currently unavailable)
rNeg    . . .        b - +0 ring mail
rPois   .            (helmet restricted)
rElec   .            (no cloak)
rCorr   .            (no gloves)
SInv    .            (no boots)
Will    .....        (no amulet)
Stlth   +            (no ring)
HPRegen 0.26/turn    (no ring)
MPRegen 0.09/turn

%: no passive effects
@: about to teleport
A: horns 2, retaliatory headbutt
a: no special abilities


You were on level 3 of the Dungeon.
You visited 1 branch of the dungeon, and saw 3 of its levels.

You collected 148 gold pieces.
You spent 40 gold pieces at shops.


Innate Abilities, Weirdness & Mutations

You have a pair of horns on your head.
You reflexively headbutt those who attack you in melee.


   Skills:
 + Level 2.3 Fighting
 - Level 5.0 Ranged Weapons
 - Level 1.1 Armour
 - Level 2.1 Dodging
 - Level 1.0 Spellcasting
 - Level 2.0 Hexes


You had 4 spell levels left.
You knew the following spells:

 Your Spells              Type           Power      Damage    Failure   Level
a - Slow                  Hex            16%        N/A       32%         1

Your spell library contained the following spells:

 Spells                   Type           Power      Damage    Failure   Level
 Inner Flame              Hex/Fire       2%         N/A       82%         3
 Portal Projectile        Hex/Tloc       4%         N/A       82%         3
 Cause Fear               Hex            2%         N/A       97%         4

Inventory:

Hand Weapons
 Y - a +1 shortbow of draining (weapon)
Armour
 b - a +0 ring mail (worn)
Scrolls
 a - a scroll of fog {unknown}
 c - a scroll of fear {unknown}
 d - 2 scrolls of teleportation
 e - 4 scrolls of identify
Potions
 f - a potion of cancellation {unknown}
 g - 2 potions of might
 h - 2 potions of degeneration {unknown}
 j - a potion of haste

Dungeon Overview and Level Annotations

Branches:
Dungeon (3/15)

Altars:

Shops:
D:1 *

Annotations:
D:3 Grinder


Message History

You shoot an arrow. The arrow hits Grinder.
Grinder is heavily wounded.
Grinder hits you.
You shoot an arrow. The arrow barely misses Grinder.
Grinder closely misses you. Grinder hits you but does no damage.
You shoot an arrow. The arrow hits Grinder.
Grinder is heavily wounded.
Grinder hits you.
You writhe in agony.
You shoot an arrow.
The arrow hits Grinder but does no damage.
Grinder is heavily wounded.
Grinder gestures at you. Pain shoots through your body!
You shoot an arrow. The arrow barely misses Grinder.
Grinder gestures at you.
You suddenly lose the ability to move!
Grinder gestures at you.
You shrug off the repeated paralysis!
Grinder hits you but does no damage. Grinder barely misses you.
You can move again.
You shoot an arrow. The arrow barely misses Grinder.
Grinder hits you.
Grinder blinks!
You shoot an arrow. The arrow closely misses Grinder.
You shoot an arrow. The arrow barely misses Grinder.
You shoot an arrow. The arrow hits Grinder!
Grinder is severely wounded.
Grinder closely misses you. Grinder completely misses you.
You shoot an arrow. The arrow hits Grinder.
Grinder is severely wounded.
Grinder misses you.
You shoot an arrow. The arrow barely misses Grinder.
Grinder hits you!
1953 ||| READING 3 scrolls of teleportation.
As you read the scroll of teleportation, it crumbles to dust.
You feel strangely unstable. Grinder hits you but does no damage.
You shoot an arrow. The arrow barely misses Grinder.
Grinder hits you.
You die...

####..777..#..####
#####.#####
#.......##....##
#..........
#..###.#.#####..#
#.###.##### #......#.#
##.# #.#.......#
#.....##.# #.#
#.#.#.###.# #..... #.#
#.## #.#.#.# # .'.....
..######..####.#.#.# #
##.....
###............#.#.. #
#.....
#....@.......#.#######
#.....
#....5.......#........
#............#########
#.....................
#................#####
#...........####...###
#...........# ###....
#...........# #####
....... #


You could see Grinder.

Vanquished Creatures
  6 adders
  3 worms (D:2)
  3 dart slugs (D:2)
  An orc (D:3)
  A bat (D:1)
  4 endoplasms
  2 giant cockroaches (D:1)
  4 goblins
  5 hobgoblins
  3 quokkas
  6 ball pythons
  5 frilled lizards
  6 kobolds
  2 rats
51 creatures vanquished.

Notes
Turn   | Place    | Note
-------+----------+-------------------------------------------
     0 | D:1      | qw the Minotaur Hexslinger began the quest for the Orb.
     0 | D:1      | Reached XP level 1. HP: 16/16 MP: 1/1
     0 | D:1      | 0 ||| qw: Version: 0.3-a-40-ge99b1a8
     0 | D:1      | 0 ||| qw: Game counter: 401
     0 | D:1      | 0 ||| qw: Melee chars always use a shield: true
     0 | D:1      | 0 ||| qw: God list: Okawaru
     0 | D:1      | 0 ||| qw: Allow faded altars: false
     0 | D:1      | 0 ||| qw: Do Orc after clearing Dungeon:15 true
     0 | D:1      | 0 ||| qw: Do second Lair branch before Depths: true
     0 | D:1      | 0 ||| qw: Lair rune preference: random
     0 | D:1      | 0 ||| qw: Goals: Normal
     0 | D:1      | 0 ||| PLANNING D:1-11
   161 | D:1      | Reached skill level 3 in Ranged Weapons
   161 | D:1      | Reached XP level 2. HP: 23/23 MP: 2/2
   579 | D:1      | Found Sirphore's General Store.
   592 | D:1      | 592 ||| BUYING potion of might (40 gold).
   592 | D:1      | Bought a potion of might for 40 gold pieces
   701 | D:1      | 701 ||| READING 2 scrolls labelled DOFRADEORGHU.
   702 | D:1      | 702 ||| READING scroll labelled WUTUTHI ONIDEO.
   703 | D:1      | 703 ||| READING scroll labelled ICWIAX ZUBBIKK.
   704 | D:1      | 704 ||| READING scroll labelled RUKATOOFE.
   704 | D:1      | Identified a scroll of acquirement
   704 | D:1      | 704 ||| ACQUIRING +0 shortbow of draining
   704 | D:1      | Acquired a +0 shortbow of draining
   706 | D:1      | 706 ||| SWAPPING to +0 shortbow of draining.
   707 | D:1      | 707 ||| DROPPING +1 sling.
   708 | D:1      | 708 ||| DRINKING 2 sedimented grey potions.
   709 | D:1      | 709 ||| DROPPING scroll of amnesia.
   710 | D:1      | 710 ||| DROPPING scroll of poison.
   781 | D:2      | Reached XP level 3. HP: 29/29 MP: 3/3
   939 | D:2      | Reached skill level 4 in Ranged Weapons
  1162 | D:2      | Reached XP level 4. HP: 36/36 MP: 4/4
  1244 | D:2      | Reached skill level 5 in Ranged Weapons
  1568 | D:2      | 1568 ||| UPGRADING to +0 ring mail.
  1578 | D:2      | 1578 ||| DROPPING +0 robe.
  1579 | D:2      | 1579 ||| READING 3 scrolls labelled KYKKUKKU DAVYLL.
  1583 | D:2      | 1583 ||| READING 4 scrolls labelled MEPHES HIEG.
  1584 | D:2      | 1584 ||| READING scroll labelled GEXUGE OTARR.
  1585 | D:2      | 1585 ||| READING scroll labelled PAPNOF RAAMOHI.
  1586 | D:2      | 1586 ||| READING 3 scrolls of identify.
  1586 | D:2      | 1586 ||| IDENTIFYING cyan potion
  1587 | D:2      | 1587 ||| DROPPING potion of invisibility.
  1742 | D:3      | Reached skill level 1 in Armour
  1926 | D:3      | Noticed Grinder
  1943 | D:3      | Paralysed by Grinder for 4 turns
  1952 | D:3      | HP: 5/37 [Grinder (7)]
  1953 | D:3      | 1953 ||| READING 3 scrolls of teleportation.
  1954 | D:3      | Slain by Grinder

Levels and vault maps discovered:
D:1:      onia_arrival_mini_spirals, layout_loops_ring, serial_shops,
          nicolae_diamond_shop
D:2:      minmay_wonky_spiral, layout_basic, grunt_ministairs_6
D:3:      layout_basic, mainiacjoe_overflow_alcove_4, minivault_26,
          minmay_stone_trees_small, uniq_grinder

Skill      XL: |  1  2  3  4 |
---------------+-------------+-----
Ranged Weapons | 3 4 5 |  5.0
Fighting       | 2 |  2.3
Armour         | 1 |  1.1
Dodging        | |  2.1
Spellcasting   | |  1.0
Hexes          | |  2.0

Action                     |  1- 3 |  4- 6 || total
---------------------------+-------+-------++-------
   Fire: Sling             |    60 |       ||    60
         Shortbow          |    37 |    68 ||   105
    Use: Scroll            |     4 |     6 ||    10
         Potion            |     1 |       ||     1
 Armour: Robe              |     3 |     2 ||     5
         Ring mail         |       |     4 ||     4
  Dodge: Dodged            |    23 |    10 ||    33

Table legend:
 A = Non-vault XP
 B = Vault XP
 C = Vault XP percentage of total XP
 D = Non-vault monster count
 E = Vault monster count
 F = Vault count percentage of total count
                 A         B        C        D         E       F
            +---------+---------+-------+---------+---------+-------
      Total |     136 |      35 |  20.5 |      45 |       6 |  11.8
            +---------+---------+-------+---------+---------+-------
        D:1 |      35 |       0 |   0.0 |      21 |       0 |   0.0
        D:2 |      73 |      35 |  32.4 |      15 |       6 |  28.6
        D:3 |      28 |       0 |   0.0 |       9 |       0 |   0.0
            +---------+---------+-------+---------+---------+-------
